 BcadrenCrawl: Boulder Brew version 0.06-286-ge3f097f317 (webtiles) character file.

Game seed: 8049524017144446958, levelgen mode: deterministic

3 Ashen the Unbeliever (level 1, -3/24 HPs) Oozomorph Demonspawn. Began on Oct 12, 2022. Slain by a hobgoblin ... wielding a +0 club (9 damage) ... on level 1 of the Dungeon. The game lasted 00:00:25 (55 turns).

Ashen the Unbeliever (Oozomorph Demonspawn)           Turns: 55, Time: 00:00:26

Health: -3/24      AC:  3    Str: 14    XL:     1 ^: 7
Magic:  2/2        EV: 11    Int: 12    God:
Gold:   3          SH:  0    Dex: 12    Spells: 1/2 levels left

rFire    . . .     Slash    +   (no weapon)
rCold    . . .     Pierce   +   (no weapon)
rNeg     . . .     Bludgeon x   b - +0 leather armour
rCorr    + + +     Vision   .   (no armour)
rPois    .         Gourm    .   (no armour)
rElec    .         Faith    .   (no armour)
MR       .....     Spirit   .   (no armour)
HPRegen  0.18/turn Reflect  .   (no armour)
MPRegen  0.12/turn Harm     .   (nothing subsumed)
Stlth    ++........             (no amulet)
                                (no ring)
                                (no ring)

@: no status effects
A: cytoplasmic subsumption, amorphous body, gelatinous body 1, gelatinous flesh
a: Subsume Item


You were on level 1 of the Dungeon.
You were not hungry.

You visited 1 branch of the dungeon, and saw 1 of its levels.

You collected 3 gold pieces.

Inventory:

Weapons
 a - a +0 long sword
Armour
 b - a +0 leather armour (worn)
Comestibles
 d - 2 rations


   Skills:
 + Level 1.1 Fighting
 + Level 2.0 Long Blades
 + Level 2.5 Dodging
 + Level 2.4 Stealth
 + Level 1.0 Spellcasting
 + Level 2.1 Fire Magic
   Level 2.6 Invocations


You had one spell level left.
You knew the following spells:

 Your Spells              Type           Power        Failure   Level  Hunger
a - Flame Tongue          Fire           5 (30)       14%         1    28-48

Your spell library contained the following spells:

 Spells                   Type           Power        Failure   Level  Hunger
 Slow Hex 0 (100) 32% 1 28-48 Conjure Flame Fire 5 (100) 38% 3 108-168 Blink Tloc N/A 45% 2 68-108 Call Imp Summ 0 (100) 45% 2 68-108 Mephitic Cloud Pois/Air       0 (100)      69%         3    108-168


Dungeon Overview and Level Annotations

Branches:
Dungeon (1/8)

Altars:


Innate Abilities, Weirdness & Mutations

You may subsume any weapon, armour, or jewellery into your cytoplasm to benefit from its magical properties.
Your body is completely amorphous, allowing you to wear any combination of armour.
You have seven amorphous slots; replacing the normal gear slots.
Body armours and bardings take two slots, all other armours take one.
Your gelatinous form absorbs acid and is immune to constriction and sticky flames. (rCorr(absorb), Slime)
Your formless flesh reforms from cuts and stabs, but takes increased shock from blunt direct hits.
Heavy manmade armour will nullify this weakness. (rSlashing+, rPiercing+, rBludgeoning-)


Message History

As the kobold dies, the sound returns.
You kill the kobold!
The bat hits you (2). The bat hits you but does no damage.
Subsume which item? (? for menu, Esc to quit)
The bat hits you (1).
Keep subsuming?
The bat barely misses you.
The hobgoblin hits you with a +0 club (4).
You are struck brutally!
You start subsuming your +0 long sword.
You continue subsuming your +0 long sword.
The bat barely misses you.
The cinder newt exhales a small puff of smoke.
The hobgoblin hits you with a +0 club (4).
You are struck brutally!
You continue subsuming your +0 long sword.
The bat hits you (2).
* * * LOW HITPOINT WARNING * * *
The bat hits you (1).
* * * LOW HITPOINT WARNING * * *
The hobgoblin hits you with a +0 club (9)!
You are struck brutally!
You die...

...#.# #....# #
#....# #. #..!.# ..
#....# ...#.#....#≈#
....lb.l...>#
#.###########g#
#...........@b#
######.#######
####†..#..###...###
#...#?...##.......##
##..######.........#
#.##...##....8....#
##...#............#
#########.......##
###...######...###


You could see a cinder newt, a hobgoblin and a bat.

Vanquished Creatures
  A bat (D:1)
  A goblin (D:1)
  A kobold (D:1)
3 creatures vanquished.

Notes
Turn   | Place    | Note
-------+----------+-------------------------------------------
     0 | D:1      | Ashen the Oozomorph Demonspawn began the quest for the Orb.
     0 | D:1      | Reached XP level 1. HP: 24/24 MP: 2/2
    55 | D:1      | Slain by a hobgoblin

Levels and vault maps discovered:
D:1:      dpeg_arrival_three_same_balls, layout_basic, first_ration,
          st_stairs_13

Action                   || total
-------------------------++-------
Melee: Long sword        ||     5
       Unarmed           ||     2
 Abil: Subsume Item      ||     1
Armor: Skin              ||     2
Dodge: Dodged            ||     3
